 Dungeon Crawl Stone Soup version 0.16.2-2-g470672f (webtiles) character file.

1253 hannobal the Conjurer (level 8, -1/43 HPs)
             Began as a Tengu Air Elementalist on Sept 2, 2015.
             Was a Follower of Vehumet.
             Killed from afar by an electric eel (11 damage)
             ... with a bolt of electricity
             ... on level 6 of the Dungeon.
             The game lasted 00:34:38 (6625 turns).

hannobal the Conjurer (Tengu Air Elementalist)      Turns: 6625, Time: 00:34:38

Health: -1/43      AC:  6    Str:  8    XL:     8   Next: 51%
Magic:  19/23      EV: 12    Int: 18    God:    Vehumet [*.....]
Gold:   345        SH:  0    Dex: 15    Spells: 6 memorised, 3 levels left

rFire  . . .     SeeInvis .     a - +0 short sword (speed)
rCold  . . .     Clarity  .     t - +0 robe
rNeg   . . .     SustAb   .     (no shield)
rPois  .         Gourm    .     (helmet restricted)
rElec  .         Spirit   .     j - +1 cloak
rCorr  .         Warding  .     (no gloves)
rMut   .         Stasis   .     (boots unavailable)
MR     .....                    (no amulet)
Stlth  +++.......               J - ring of flight
                                e - ring of stealth

@: not resistant to hostile enchantments, fairly stealthy
A: able to fly, beak, talons 3, thin metallic scales 1
a: Fly, Renounce Religion, Evoke Flight


You were on level 6 of the Dungeon.
You worshipped Vehumet.
Vehumet was aware of your devotion.
You were not hungry.

You visited 2 branches of the dungeon, and saw 7 of its levels.
You also visited: Sewer.

You collected 345 gold pieces.

Inventory:

Hand weapons
 a - a +0 short sword of speed (weapon)
 w - a +0 quarterstaff
 z - a +0 halberd
 L - a +0 shortbow
 O - a +0 hunting sling
 Q - a +0 flail
 S - a +2 whip of freezing
Missiles
 b - 4 tomahawks (quivered)
 d - 170 stones
 f - 15 bolts of flame
 k - 69 arrows
 r - 16 sling bullets
 v - 37 bolts
 y - 3 throwing nets
Armour
 h - a +0 leather armour
 j - a +1 cloak (worn)
 p - a +1 ring mail
 t - a +0 robe (worn)
Jewellery
 e - a ring of stealth (left hand)
 J - a ring of flight (right hand)
Magical devices
 A - a wand of teleportation (4)
 H - a wand of frost (29)
 N - a wand of draining (5)
Scrolls
 i - 2 scrolls of identify
 l - a scroll of noise
 m - 3 scrolls of amnesia
 x - 5 scrolls of remove curse
 I - a scroll of enchant armour
 K - 2 scrolls of teleportation
 R - a scroll of fog
Potions
 o - a potion of agility
 B - 4 potions of might
 C - a potion of curing
 D - a potion of haste
 G - 2 potions of restore abilities
 M - a potion of magic
Books
 n - a book of Air

   Spells                             Type                      Level
   a - Shock                          Conjuration/Air              1
   b - Swiftness                      Charms/Air                   2
   c - Repel Missiles                 Charms/Air                   2
   d - Flight                         Charms/Air                   3
   e - Static Discharge               Conjuration/Air              3
   f - Lightning Bolt                 Conjuration/Air              5
 u - a book of Battle

   Spells                             Type                      Level
   a - Infusion                       Charms                       1
   b - Shroud of Golubria             Charms/Translocation         2
   c - Song of Slaying                Charms                       2
   d - Spectral Weapon                Hexes/Charms                 3
   e - Regeneration                   Charms/Necromancy            3
 E - a book of Clouds

   Spells                             Type                      Level
   a - Mephitic Cloud                 Conjuration/Poison/Air       3
   b - Conjure Flame                  Conjuration/Fire             3
   c - Poisonous Cloud                Conjuration/Poison/Air       6
   d - Freezing Cloud                 Conjuration/Ice/Air          6
   e - Ring of Flames                 Charms/Fire                  7
Comestibles
 c - 4 bread rations {@e1}
 g - a slice of pizza
 q - 4 fruits
 s - 3 meat rations {@e2}
 F - 2 beef jerkies
 P - a chunk of flesh {@w0}


   Skills:
 - Level 1.1 Fighting
 - Level 2.1 Dodging
 - Level 2.0 Stealth
 + Level 6.1 Spellcasting
 - Level 7.0 Conjurations
 - Level 1.0 Charms
 - Level 7.0 Air Magic
 - Level 2.0 Poison Magic


You had 3 spell levels left.
You knew the following spells:

 Your Spells              Type           Power        Failure   Level  Hunger
a - Swiftness             Chrm/Air       ###.....     3%          2    None
c - Conjure Flame         Conj/Fire      ###.....     10%         3    ##.....
l - Lightning Bolt        Conj/Air       ####......   21%         5    #####..
m - Mephitic Cloud        Conj/Pois/Air  ###.....     4%          3    ##.....
r - Repel Missiles        Chrm/Air       ###...       3%          2    None
z - Shock                 Conj/Air       ####         1%          1    None


Dungeon Overview and Level Annotations

Branches:
Dungeon (6/15)             Temple (1/1) D:5

Altars:
Ashenzari
Cheibriados
Dithmenos
Elyvilon
Fedhas
Gozag
Kikubaaqudgha
Makhleb
Nemelex Xobeh
Okawaru
Qazlal
Ru
Sif Muna
Trog
Vehumet
Xom
Zin
The Shining One

Annotations:
D:2 not explored, Sigmund
D:6 Edmund


Innate Abilities, Weirdness & Mutations

You can fly.
You have a beak for a mouth.
You have claws for feet.
You are partially covered in thin metallic scales (AC +2).


Message History

You reach to attack!
You slash the electric eel!
You kill the electric eel!
Vehumet accepts your kill.
The crimson imp blinks!
An electric eel comes into view.
Your hands tingle!
a - a +0 short sword of speed (weapon)
Casting: Shock
Confirm with . or Enter, or press ? or * to list all spells.
Aiming: Shock
Press: ? - help, Shift-Dir - straight line, f - electric eel
Aim: an electric eel (water, hasn't noticed you)
The zap hits the electric eel.
The electric eel completely resists.
The electric eel shoots out a bolt of lightning at you!
The bolt of electricity hits you!
The electric eel shoots out a bolt of lightning at you!
The bolt of electricity hits you!
* * * LOW HITPOINT WARNING * * *
The bolt of electricity hits you!
You die...

### ##.......######
##...............
#...####......... ##..##
########.# ##.### ##.## ##..#
### #..## ########>#######
##..##########@......5.≈P≈≈≈♣
#...>...........÷).♣;♣≈≈≈♣♣♣P♣
######.......####♣♣≈♣≈♣≈♣≈P≈P
###..#### ♣≈≈♣P≈≈≈≈≈5≈ ####
≈≈P≈≈≈≈;≈≈≈ ≈ ≈≈♣≈≈♣≈≈≈≈≈≈≈
≈≈♣≈≈≈≈≈≈≈≈; ≈≈≈≈≈≈≈≈≈ ≈ ≈


You could see an electric eel and a crimson imp.

Vanquished Creatures
  Purgy (Sewer)
  2 ice beasts (D:6)
  A centaur (D:5)
  2 ogres
  A giant frog (D:6)
  A big kobold (D:5)
  A water moccasin skeleton (D:5)
  An electric eel (D:6)
  A giant frog zombie (D:5)
  2 hounds
  An orc wizard (D:4)
  An iguana (D:5)
  3 worker ants
  A killer bee zombie (D:5)
  9 adders
  7 gnolls
  2 worms (D:4)
  A giant mite (D:4)
  An adder skeleton (D:5)
  An ooze (D:4)
  8 orcs
  A ball python (D:2)
  7 giant cockroaches
  8 goblins
  8 hobgoblins
  12 kobolds
  4 quokkas
  13 bats
  7 giant geckos
  5 giant newts
  10 jackals
  11 rats
134 creatures vanquished.

Notes
Turn   | Place    | Note
--------------------------------------------------------------
     0 | D:1      | hannobal, the Tengu Air Elementalist, began the quest for the Orb.
     0 | D:1      | Reached XP level 1. HP: 10/10 MP: 3/3
   358 | D:1      | Reached XP level 2. HP: 15/15 MP: 3/5
   362 | D:1      | Learned a level 2 spell: Repel Missiles
   365 | D:1      | Learned a level 2 spell: Swiftness
   449 | D:2      | Noticed Sigmund
   953 | D:2      | Reached XP level 3. HP: 19/19 MP: 4/7
  1191 | D:2      | Gained mutation: You are partially covered in thin metallic scales (AC +2). [potion of mutation]
  1191 | D:2      | Gained mutation: You evolve. [potion of mutation]
  1191 | D:2      | Gained mutation: You have a pair of small horns on your head. [potion of mutation]
  1311 | D:2      | Reached XP level 4. HP: 24/24 MP: 2/9
  1908 | D:3      | Lost mutation: You have a pair of small horns on your head. [evolution]
  2259 | D:3      | Reached XP level 5. HP: 28/28 MP: 9/13
  2259 | D:3      | Reached skill level 5 in Conjurations
  2492 | D:3      | Learned a level 5 spell: Lightning Bolt
  2550 | D:4      | Reached skill level 1 in Charms
  2792 | D:4      | Found a glowing drain.
  2796 | Sewer    | Entered a sewer
  2885 | Sewer    | Noticed Purgy
  2931 | Sewer    | Killed Purgy
  2931 | Sewer    | Reached skill level 6 in Air Magic
  2931 | Sewer    | Reached XP level 6. HP: 32/32 MP: 0/15
  3292 | D:4      | Lost mutation: You evolve. [evolution]
  3325 | D:4      | Noticed an ogre
  3334 | D:4      | Killed an ogre
  3566 | D:4      | Reached skill level 1 in Fighting
  3846 | D:4      | Noticed a two-headed ogre
  4012 | D:4      | Reached XP level 7. HP: 38/38 MP: 14/16
  4440 | D:5      | Entered Level 5 of the Dungeon
  4543 | D:4      | Learned a level 3 spell: Mephitic Cloud
  4705 | D:5      | Found a staircase to the Ecumenical Temple.
  4715 | Temple   | Entered the Ecumenical Temple
  4762 | Temple   | Became a worshipper of Vehumet
  5145 | D:5      | Reached skill level 1 in Poison Magic
  5661 | D:5      | Reached skill level 7 in Conjurations
  5819 | D:6      | Reached XP level 8. HP: 26/43 MP: 11/20
  5853 | D:6      | Acquired Vehumet's first power
  5853 | D:6      | Offered knowledge of Magic Dart by Vehumet.
  6015 | D:6      | Noticed Edmund
  6048 | D:6      | Reached skill level 5 in Spellcasting
  6605 | D:6      | Learned a level 3 spell: Conjure Flame
  6625 | D:6      | Killed from afar by an electric eel

Action                   |  1- 3 |  4- 6 |  7- 9 || total
-------------------------+-------+-------+-------++-------
Melee: Unarmed           |     9 |       |       ||     9
       Falchion          |       |     1 |       ||     1
       Quarterstaff      |       |     1 |       ||     1
       Halberd           |       |       |     2 ||     2
 Cast: Shock             |    66 |   154 |   176 ||   396
       Repel Missiles    |     1 |       |       ||     1
       Mephitic Cloud    |       |       |    13 ||    13
  Use: Scroll            |     6 |     4 |     3 ||    13
       Potion            |     2 |     5 |     1 ||     8
  Eat: Chunk             |     2 |     8 |     7 ||    17
       Pizza             |       |       |     1 ||     1
       Royal jelly       |       |       |     1 ||     1
